 Dungeon Crawl Stone Soup version bcrawl-1.19.1 (webtiles) character file.

Game seed: 1019284092055332247

156 mahrnol the Magician (level 5, 0/28 HPs)
             Began as a Skeleton Wizard on Dec 3, 2019.
             Slain by a worker ant (1 damage)
             ... on level 2 of the Dungeon.
             The game lasted 00:39:21 (7207 turns).

mahrnol the Magician (Skeleton Wizard)              Turns: 7207, Time: 00:39:22

Health: 0/28       AC:  5    Str: 13 (14) XL:     5   Next: 14%
Magic:  0/13       EV: 11    Int: 15 (17) God:
Gold:   129        SH:  0    Dex:  4 (7)  Spells: 5/16 levels left

rFire    + . .     SeeInvis .   a - +0 staff
rCold    + . .     Gourm    .   (no shield)
rNeg     + + +     Faith    .   b - +0 robe
rPois    ∞         Spirit   +   k - +1 helmet
rElec    .         Reflect  .   i - +0 cloak
rCorr    .         Harm     .   (no gloves)
MR       .....                  (no boots)
Stlth    ++........             (no amulet)
HPRegen  0.09/turn              l - ring of protection from fire
MPRegen  0.13/turn              (no ring)

@: no status effects
A: no food or potions, cold resistance 1, deterioration 1, negative energy
resistance 3, torment resistance, unbreathing, magic shield, sturdy frame 1,
spell healing
a: no special abilities


You were on level 2 of the Dungeon.
You were not hungry.

You visited 1 branch of the dungeon, and saw 3 of its levels.

You collected 129 gold pieces.

Inventory:

Hand Weapons
 a - a +0 staff (weapon)
 m - a +0 blowgun
 p - a +0 mace of protection
Missiles
 h - 384 bolts
 j - 242 arrows
 n - 42 poisoned needles
Armour
 b - a +0 robe (worn)
 c - a +0 hat
 i - a +0 cloak (worn)
 k - a +1 helmet (worn)
Jewellery
 l - a ring of protection from fire (left hand)
Scrolls
 d - 2 scrolls of blinking {unknown}
 e - 3 scrolls of teleportation {unknown}
 f - a scroll of remove curse {unknown}
 g - 6 scrolls of identify {unknown}
 o - a scroll of amnesia {unknown}


   Skills:
 - Level 2.0 Dodging
 - Level 2.7 Stealth
 - Level 6.1 Spellcasting
 - Level 2.3 Conjurations
 - Level 1.6 Summonings
 - Level 0.7 Translocations
 - Level 1.2 Fire Magic
 + Level 2.2 Poison Magic


You had 5 spell levels left.
You knew the following spells:

 Your Spells              Type           Power        Failure   Level  Hunger
a - Magic Dart            Conj           ##..         5%          1    N/A
b - Call Imp              Summ           #.....       11%         2    N/A
c - Blink                 Tloc           N/A          16%         2    N/A
d - Conjure Flame         Conj/Fire      #.......     22%         3    N/A
e - Mephitic Cloud        Conj/Pois/Air  #.......     24%         3    N/A

Your spell library contained the following spells:

 Spells                   Type           Power        Failure   Level  Hunger
 Spider Form              Tmut/Pois      Unusable     N/A         3    N/A

Dungeon Overview and Level Annotations

Branches:
Dungeon (3/12)

Altars:

Annotations:
D:3 Sigmund


Innate Abilities, Weirdness & Mutations

You do not eat or drink.
You are immune to poison.
Your flesh is cold resistant. (rC+)
Your body sometimes deteriorates upon taking damage.
You are immune to negative energy. (rN+++)
You are immune to unholy pain and torment.
You can survive without breathing.
When hurt, damage is shared between your health and your magic reserves.
Your movements are slightly less encumbered by armour. (ER -2)
Casting spells heals you.


Message History

The worker ant bites you.
You barely miss the worker ant.
The worker ant is heavily wounded.
Your crimson imp hits the worker ant but does no damage.
The worker ant bites you.
Your crimson imp blinks!
You hit the worker ant but do no damage.
The worker ant is heavily wounded.
The worker ant misses you. The worker ant bites you.
Your crimson imp blinks!
You hit the worker ant.
The worker ant is severely wounded.
The worker ant bites you.
* * * LOW HITPOINT WARNING * * *
You closely miss the worker ant.
The worker ant is severely wounded.
The worker ant bites you.
* * * LOW HITPOINT WARNING * * *
The worker ant bites you.
You die...

.# #.# ########### .# #.#
#....(..... .# #.# #.......... .#
###########.########..........
####.........(........'..........
.....###......)†....###......<...
####.###............##....#######
#...'............##.##....# #
#.###.......a@...##.##....# #
#........5...........'....# #
#.###..############.##....####
####.# #..# #.##........
.....###..############.##........
....>'..................'........
.....###..############.##....)...
...[.# #..# #.##........ .....#
#..# ##'##########


You could see a worker ant and a friendly crimson imp.

Vanquished Creatures
  2 gnolls
  2 adders (D:3)
  A worm (D:2)
  3 leopard geckos
  4 orcs
  3 bats
  3 giant cockroaches
  8 goblins
  5 hobgoblins
  A quokka (D:2)
  9 kobolds
  4 rats
45 creatures vanquished.

Vanquished Creatures (collateral kills)
  A worker ant (D:1)
  4 gnolls
  A leopard gecko (D:2)
  4 orcs
  A goblin (D:1)
  2 hobgoblins
  2 kobolds
15 creatures vanquished.

Vanquished Creatures (others)
  Robin (D:2)
1 creature vanquished.

Grand Total: 61 creatures vanquished

Notes
Turn   | Place    | Note
-------+----------+-------------------------------------------
     0 | D:1      | mahrnol the Skeleton Wizard began the quest for the Orb.
     0 | D:1      | Reached XP level 1. HP: 10/10 MP: 5/5
   210 | D:1      | Reached skill level 5 in Spellcasting
   314 | D:1      | Reached XP level 2. HP: 15/15 MP: 4/8
   318 | D:1      | Learned a level 2 spell: Call Imp
   321 | D:1      | Learned a level 2 spell: Blink
  2098 | D:2      | Reached XP level 3. HP: 15/19 MP: 1/9
  2229 | D:2      | Learned a level 3 spell: Conjure Flame
  2233 | D:2      | Learned a level 3 spell: Mephitic Cloud
  2640 | D:2      | Noticed Robin
  3280 | D:2      | Killed Robin
  3363 | D:2      | Reached XP level 4. HP: 17/24 MP: 1/11
  3588 | D:2      | Reached skill level 1 in Fire Magic
  3712 | D:2      | Reached skill level 6 in Spellcasting
  4076 | D:3      | Noticed Sigmund
  4516 | D:3      | Reached skill level 1 in Poison Magic
  5730 | D:1      | Reached XP level 5. HP: 10/28 MP: 0/13
  7207 | D:2      | HP: 1/28 [worker ant (5)]
  7207 | D:2      | Slain by a worker ant

Skill      XL: |  1  2  3  4 |
---------------+-------------+-----
Spellcasting   | 5 6 |  6.1
Conjurations   | 2 |  2.3
Fire Magic     | 1 |  1.2
Poison Magic   | 2 |  2.2
Dodging        | |  2.0
Stealth        | |  2.7
Summonings     | |  1.6
Translocations | |  0.7

Action                   |  1- 3 |  4- 6 || total
-------------------------+-------+-------++-------
Melee: Staff             |     7 |    36 ||    43
 Cast: Magic Dart        |   113 |   127 ||   240
       Call Imp          |    19 |    71 ||    90
       Blink             |     3 |     8 ||    11
       Conjure Flame     |     9 |     9 ||    18
Armor: Robe              |    13 |    36 ||    49
Dodge: Dodged            |    37 |    80 ||   117
